 Dungeon Crawl Stone Soup version 0.31-a0-986-g5e6e4ef867 (webtiles) character file.

Game seed: 8851932615356612218

90 p00ps00p the Trooper (level 4, -1/41 HPs)
             Began as a Hill Orc Fighter on Nov 10, 2023.
             Blown up by Ijyb (17 damage)
             ... with a mindburst bolt
             ... on level 3 of the Dungeon.
             The game lasted 00:03:37 (1305 turns).

p00ps00p the Trooper (Hill Orc Fighter)             Turns: 1305, Time: 00:03:38

Health: -1/41      AC: 11    Str: 20    XL:     4   Next: 56%
Magic:  4/4        EV:  7    Int:  8    God:
Gold:   89         SH:  4    Dex: 10    Spells: 3/3 levels left

rFire   + . .        a - +0 war axe
rCold   . . .        c - +0 buckler
rNeg    . . .        f - +2 chain mail
rPois   +            (no helmet)
rElec   .            (no cloak)
rCorr   .            (no gloves)
SInv    .            (no boots)
Will    .....        (no amulet) Stlth
                     k - ring of poison resistance
HPRegen 0.26/turn    m - ring of protection from fire
MPRegen 0.09/turn

%: no passive effects
@: mighty
A: no striking features
a: no special abilities


You were on level 3 of the Dungeon.
You visited 1 branch of the dungeon, and saw 3 of its levels.

You collected 89 gold pieces.

Inventory:

Hand Weapons
 a - a +0 war axe (weapon)
Armour
 c - a +0 buckler (worn)
 f - a +2 chain mail (worn)
Jewellery
 k - a ring of poison resistance (left hand)
 l - a ring of ice
 m - a ring of protection from fire (right hand)
 o - an amulet of regeneration
Potions
 b - a potion of curing
 g - a potion of cancellation
 h - a potion of attraction {unknown}
 i - a potion of mutation {unknown}


   Skills:
 + Level 4.4 Fighting
 + Level 3.8 Axes
 + Level 4.0 Armour
 + Level 4.0 Shields


You had 3 spell levels left.
You didn't know any spells.
Your spell library was empty.

Dungeon Overview and Level Annotations

Branches:
Dungeon (3/15)

Altars:
Qazlal

Shops:
D:2 (

Annotations:
D:3 Ijyb


Message History

As you read the scroll of enchant armour, it crumbles to dust.
Your +1 chain mail glows green for a moment.
As you read the scroll labelled YQEXZU CYDU, it crumbles to dust.
You feel strangely unstable.
It was a scroll of teleportation.
As you read the scroll of identify, it crumbles to dust.
g - a potion of cancellation Done exploring.
Done exploring.
Done exploring.
Done exploring.
Done exploring.
Done exploring.
Done exploring.
Done exploring.
Search for what [Enter for "weap", or ? for help]? armor Search for what [Enter for "armor", or ? for help]? weap You see here a +0 sling.
Your surroundings suddenly seem different.
Done exploring.
Done exploring.
There is a stone staircase leading down here.
You climb downwards.
There is a stone staircase leading up here.
Ijyb the Twisted Goblin comes into view.
She is wielding a +0 dagger, wearing a +1 scale mail of poison resistance and carrying a wand of mindburst.
Ijyb shouts!
Ijyb zaps a wand.
Your mind is blasted!
Found a chain mail.
Ijyb screams, "You nasty!
Big nasty!"
You hit Ijyb but do no damage.
Ijyb zaps a wand.
You barely resist. You closely miss Ijyb.
Ijyb zaps a wand.
Your mind is blasted!
You hit Ijyb but do no damage. Ijyb hits you but does no damage.
Ijyb zaps a wand.
Your mind is blasted!
* * * LOW HITPOINT WARNING * * *
You are too injured to fight recklessly!
You are too injured to fight recklessly!
You are too injured to fight recklessly!
You feel better. You block Ijyb's attack.
You feel very mighty all of a sudden.
Ijyb zaps a wand.
Your mind is blasted!
You die...

.# .# #.#.. ##
#.#. # #. ... .#
. # #.##.##.####
...#.#..#.#......
.................
......g@.........
.......##.######
.[....##<.#
..........#
.....###.## ###+#
#.# #.. ##+


You could see Ijyb.

Vanquished Creatures
  3 adders (D:2)
  3 dart slugs
  5 bats
  5 endoplasms
  4 giant cockroaches (D:1)
  6 goblins
  2 hobgoblins
  7 kobolds
  5 quokkas
  6 ball pythons
  A frilled lizard (D:2)
  7 rats
54 creatures vanquished.

Notes
Turn   | Place    | Note
-------+----------+-------------------------------------------
     0 | D:1      | p00ps00p the Hill Orc Fighter began the quest for the Orb.
     0 | D:1      | Reached XP level 1. HP: 19/19 MP: 1/1
    75 | D:1      | Reached XP level 2. HP: 22/27 MP: 2/2
   221 | D:1      | Reached XP level 3. HP: 33/33 MP: 3/3
   628 | D:2      | Found a stormy altar of Qazlal.
   740 | D:2      | Found Duleokun's Antique Weapon Shop.
   780 | D:2      | Reached XP level 4. HP: 35/40 MP: 4/4
  1298 | D:3      | Noticed Ijyb
  1305 | D:3      | Blown up by Ijyb

Illustrated notes

Levels and vault maps discovered:
D:1:      giann_bridges, layout_rooms, dreamdust_princess_bridge, hex_large
D:2:      layout_basic, basic_altar, serial_shops, nicolae_shop_hallway_plus,
          nicolae_eternal_life, minmay_tetromino_o4
D:3:      layout_basic, serial_shops, shop, nicolae_shop_pleasant_corner_grove,
          shop, shop, nicolae_square_shop, dk_noncrumbling_3,
          grunt_ministairs_10, uniq_ijyb

Skill      XL: |  1  2  3  4 |
---------------+-------------+-----
Axes           | 3 |  3.8
Fighting       | 4 |  4.4
Armour         | 4 |  4.0
Shields        | 4 |  4.0

Action                     |  1- 3 |  4- 6 || total
---------------------------+-------+-------++-------
  Melee: War axe           |    84 |    45 ||   129
    Use: Scroll            |     2 |     5 ||     7
         Potion            |       |     2 ||     2
 Armour: Scale mail        |     9 |       ||     9
         Chain mail        |    50 |    31 ||    81
  Dodge: Dodged            |    38 |    28 ||    66
  Block: Buckler           |    25 |    13 ||    38

Table legend: (Time is in decaauts)
 A = Elapsed time spent in this place.
 B = Non-inter-level travel time spent in this place.
 C = Inter-level travel time spent in this place.
 D = Time resting spent in this place.
 E = Time spent auto-exploring this place.
 F = Levels seen in this place.
 G = Mean time per level.
                   A        B        C        D        E       F      G
               +--------+--------+--------+--------+--------+-----+--------+
         Total |   1351 |   1320 |     31 |      0 |    987 |   3 |  450.3 |
       Dungeon |   1351 |   1320 |     31 |      0 |    987 |   3 |  450.3 |
               +--------+--------+--------+--------+--------+-----+--------+

Top non-repeatable levels by time:
     D:2: 771 daAuts
     D:1: 570 daAuts
     D:3: 9 daAuts
